[Event "Early-Titled-Tuesday-Blitz-October-24-2023"]
[Site "Chess.com"]
[Date "2023.10.24"]
[Round "11"]
[White "HouseOfDurin"]
[Black "abelmat"]
[Result "1-0"]
[WhiteElo "2302"]
[BlackElo "1995"]
[TimeControl "180+1"]
[EndTime "10:02:56 PDT"]
[Termination "HouseOfDurin won on time"]

1. d4 Nf6 2. Bg5 e6 3. e4 Be7 4.
Bd3 h6 5. Bxf6 Bxf6 6. e5 Be7 7. Qg4 O-O 8. h4 f5 9. exf6 Rxf6 10. Qe4 Rf5 11. g4 d5 12. Qe2 Rf8 13. Nf3 Nc6 14. Nbd2 Nb4 15. c3 Nxd3+ 16. Qxd3 b6 17. O-O-O a5 18.
Rde1 a4 19. a3 Bd6 20. g5 h5 21. Qg6 Qe8 22. Qxe8 Rxe8 23. Ne5 c5 24. Ndf3 b5 25. dxc5 Bxc5 26. Nd4 Bxd4 27. cxd4 Bb7 28. g6 Rac8+ 29.
Kd2 b4 30. Re3 bxa3 31. bxa3 Ba6 32. Rhe1 Rb8 33. Nd3 Rb3 34. Nc5 Rxe3 35. Rxe3 Bc4 36. Rxe6 Rf8 37. Ke3 Kh8 38. Re5 Kg8 39. Rxh5 Rb8 40.
Re5 Rd8 41. f4 Rb8 42. f5 Kf8 43. Nd7+ Kg8 44. Nxb8 1-0

[Event "Early-Titled-Tuesday-Blitz-October-24-2023"]
[Site "Chess.com"]
[Date "2023.10.24"]
[Round "11"]
[White "Karttunen"]
[Black "Alina_Gumerovna"]
[Result "1-0"]
[WhiteElo "2586"]
[BlackElo "2134"]
[TimeControl "180+1"]
[EndTime "10:02:57 PDT"]
[Termination "Karttunen won on time"]

1. d4 d5 2. c4 e6 3. Nc3 Nf6 4. Nf3 Be7 5. Bf4 O-O 6. e3 c6 7.
Rc1 Nbd7 8. Bd3 dxc4 9. Bxc4 b5 10. Bd3 Bb7 11. O-O a6 12. Qc2 c5 13. Ne5 cxd4 14. exd4 Rc8 15. Qe2 Nb6 16. Rcd1 Nbd5 17. Bd2 Nb4 18.
Bb1 Qxd4 19. Bg5 Qc5 20. Bxf6 Bxf6 21. Nd7 Qe7 22. Nxf8 Qxf8 23. Ne4 Be7 24. Qh5 g6 25. Qe5 Bd5 26. b3 f6 27. Qd4 e5 28. Qd2 Qf7 29.
Rc1 Rxc1 30. Rxc1 Nc6 31. Nc3 Be6 32. Ne2 Nb4 33. Qe3 Nd5 34. Qd2 f5 35. Rc6 e4 36. Nd4 Bd7 37. Rc1 1-0

[Event "Early-Titled-Tuesday-Blitz-October-24-2023"]
[Site "Chess.com"]
[Date "2023.10.24"]
[Round "11"]
[White "AlexandraSamaganova"]
[Black "Larina_Maria"]
[Result "0-1"]
[WhiteElo "2312"]
[BlackElo "2244"]
[TimeControl "180+1"]
[EndTime "10:03:02 PDT"]
[Termination "Larina_Maria won on time"]

1. c4 f5 2. Nc3 Nf6 3. g3 d6 4.
Bg2 e5 5. e3 Be7 6. Nge2 O-O 7.
d4 e4 8. Rb1 a5 9. a3 Be6 10. d5 Bf7 11. Nd4 g6 12. Nce2 Na6 13. b4 axb4 14. axb4 c5 15. bxc5 Nxc5 16. O-O Qd7 17.
Bd2 Rfc8 18. Bb4 Nd3 19. Qb3 Ng4 20. Nf4 Nge5 21. Nxd3 Nxd3 22. Rfd1 Ra4 23. Rxd3 exd3 24. Qxd3 Bf6 25. Nb5 Be7 26. h4 Raa8 27. h5 Bf8 28. Bh3 Ra6 29. Qd4 Bg7 30. Qf4 Be5 31. Qh4 Qd8 32.
Qxd8+ Rxd8 33. Nc7 Ra2 34. c5 dxc5 35. Bxc5 Bxd5 36. Nb5 Be4 37. Rc1 Rc2 38. Rxc2 Bxc2 39. hxg6 hxg6 40. Bb6 Rd1+ 41. Kh2 Be4 42. Bg2 Bxg2 43.
Kxg2 Rb1 44. Bd4 Rxb5 45. Bxe5 Rxe5 0-1

[Event "Early-Titled-Tuesday-Blitz-October-24-2023"]
[Site "Chess.com"]
[Date "2023.10.24"]
[Round "11"]
[White "DonJuanEGenaro"]
[Black "RCone"]
[Result "0-1"]
[WhiteElo "1840"]
[BlackElo "2417"]
[TimeControl "180+1"]
[EndTime "10:03:03 PDT"]
[Termination "RCone won on time"]

1. Nf3 g6 2. d4 d6 3. Bf4 Nd7 4. e3 Bg7 5. Bc4 e5 6. dxe5 dxe5 7. Bg5 Ne7 8. e4 O-O 9. Nc3 Kh8 10. Nd5 f6 11. Be3 c6 12. Nxe7 Qxe7 13. O-O Nb6 14.
Bb3 Be6 15. Qe2 Rfd8 16. a4 Nd7 17. a5 Bf8 18. Bxe6 Qxe6 19. c3 Bc5 20. b4 Bxe3 21. Qxe3 Qc4 22. Nd2 Qe6 23. Rfd1 f5 24. exf5 gxf5 25.
f4 Re8 26. Nf3 e4 27. Ng5 Qe7 28. Qh3 Nf8 29. Re1 Qf6 30. Re3 Rad8 31. Qh5 Rd7 32.
Rg3 Red8 33. Re1 Qg6 34. Qh4 Qf6 35. Qh3 Rg7 36. Qh4 Qd6 37. Rh3 Kg8 0-1

[Event "Early-Titled-Tuesday-Blitz-October-24-2023"]
[Site "Chess.com"]
[Date "2023.10.24"]
[Round "11"]
[White "deribas12345"]
[Black "ilushka"]
[Result "1-0"]
[WhiteElo "2574"]
[BlackElo "2455"]
[TimeControl "180+1"]
[EndTime "10:03:04 PDT"]
[Termination "deribas12345 won on time"]

1. d4 d5 2. c4 e6 3. Nc3 Nf6 4.
cxd5 exd5 5. Bg5 c6 6. e3 Bf5 7. Qf3 Bg6 8. Bxf6 Qxf6 9. Qxf6 gxf6 10. h4 h5 11. g3 Nd7 12. Nh3 Bd6 13. Nf4 a5 14.
Bh3 a4 15. O-O-O Nb6 16. Rhe1 Kd8 17. Bf1 Kc7 18. a3 Nc4 19. Bxc4 dxc4 20. Nxg6 fxg6 21.
e4 Rhe8 22. f4 b5 23. e5 fxe5 24. dxe5 Be7 25. Ne4 Rad8 26. Rxd8 Rxd8 27. Rd1 Rxd1+ 28. Kxd1 Kd7 29. Kc2 Ke6 30. Kc3 Kf5 31. Kd4 Kg4 32. Ke3 c5 33. Kf2 b4 34. Nf6+ Kf5 35. Nd5 c3 36.
bxc3 bxa3 37. Kf3 c4 38. Nxe7+ Ke6 39. Nc6 a2 40. Nd4+ Kd5 41. Nc2 1-0

[Event "Early-Titled-Tuesday-Blitz-October-24-2023"]
[Site "Chess.com"]
[Date "2023.10.24"]
[Round "11"]
[White "Chessbard1972"]
[Black "Let_it_be_1"]
[Result "0-1"]
[WhiteElo "2345"]
[BlackElo "2556"]
[TimeControl "180+1"]
[EndTime "10:03:04 PDT"]
[Termination "Let_it_be_1 won by resignation"]

1. d4 d5 2. c4 e6 3. Nc3 Be7 4. Bf4 Nf6 5. cxd5 exd5 6. e3 c6 7. h3 Bf5 8. Nf3 Nbd7 9. Be2 O-O 10. O-O Re8 11. Rc1 Ne4 12. Nxe4 Bxe4 13. Ne5 Nxe5 14. Bxe5 Bd6 15. Bxd6 Qxd6 16. Bf3 f5 17. Qe2 Re7 18. a3 Rae8 19. Bxe4 Rxe4 20. Qf3 f4 21.
Rc3 Qe7 22. exf4 Rxd4 23. Re3 Re4 24. Rfe1 Rxe3 25. Rxe3 Qf7 26. Rxe8+ Qxe8 27. f5 Qe1+ 28. Kh2 Qe5+ 29. g3 Qxb2 30. Qe3 Qf6 31. Qe8+ Qf8 32.
Qe6+ Kh8 33. Kg2 h6 34. g4 Qd8 35. f4 d4 36. Kf2 d3 37. Ke1 c5 38. Kd2 b5 39. h4 c4 40. Qe5 Qa5+ 41. Ke3 Qe1+ 42. Kf3 Qxe5 43. fxe5 c3 44. Ke3 c2 45. Kd2 Kg8 46. g5 hxg5 47. hxg5 Kf7 48. g6+ Ke7 49.
Kc1 a5 50. Kb2 b4 51. axb4 axb4 52. Kc1 b3 53. f6+ gxf6 54. g7 Kf7 55. exf6 Kg8 56. Kd2 b2 0-1

[Event "Early-Titled-Tuesday-Blitz-October-24-2023"]
[Site "Chess.com"]
[Date "2023.10.24"]
[Round "11"]
[White "AndresDelgado77"]
[Black "El_Matador12"]
[Result "0-1"]
[WhiteElo "2340"]
[BlackElo "2534"]
[TimeControl "180+1"]
[EndTime "10:03:05 PDT"]
[Termination "El_Matador12 won on time"]

1. e4 c6 2. d4 d5 3. Nc3 dxe4 4. Nxe4 Nf6 5. Nxf6+ exf6 6. c3 Bd6 7. Bd3 O-O 8.
Qc2 Re8+ 9. Ne2 h5 10. Be3 Nd7 11. Ng3 h4 12. Nf5 Bf4 13. O-O-O Bxe3+ 14. fxe3 Nf8 15. Nxh4 Rxe3 16. Qf2 Re8 17. Rhe1 Be6 18. Kb1 Qa5 19. b3 Qxc3 20. Bc2 a5 21. Re3 Qb4 22. Rg3 Qe7 23. Re1 Qd8 24. Re4 a4 25. b4 Bxa2+ 26.
Kxa2 Qd5+ 27. Ka1 Rxe4 28. Qxf6 Qxd4+ 29. Qxd4 Rxd4 30. Nf5 Ne6 31. Nxd4 Nxd4 32. Bd3 Rd8 33. Kb2 Kf8 34. Kc3 Nb5+ 35. Bxb5 cxb5 36. Rg5 Rc8+ 0-1

[Event "Early-Titled-Tuesday-Blitz-October-24-2023"]
[Site "Chess.com"]
[Date "2023.10.24"]
[Round "11"]
[White "PenguiinQueen"]
[Black "karinachess1"]
[Result "0-1"]
[WhiteElo "2347"]
[BlackElo "2643"]
[TimeControl "180+1"]
[EndTime "10:03:07 PDT"]
[Termination "karinachess1 won on time"]

1. e4 e5 2. Nf3 Nc6 3. Bc4 Nf6 4.
d3 h6 5. c3 d6 6. O-O g5 7.
Re1 Bg7 8. d4 Bg4 9. Nbd2 Qe7 10. Bb5 Bd7 11. dxe5 dxe5 12. Nc4 O-O-O 13. Qe2 Ne8 14. Ne3 g4 15. Nd2 Nf6 16. Bxc6 Bxc6 17. Nxg4 Rhg8 18. Ne3 Qe6 19. f3 Nh5 20. Kh1 Nf4 21.
Qf1 Bf8 22. Ndc4 h5 23. b4 h4 24. a4 h3 25. g3 Nd3 26. Rd1 Nxc1 27. Raxc1 Be7 28. b5 Bd7 29. Nf5 Bc5 30. Nce3 Qg6 31. Ng4 Bxf5 32. exf5 Qxf5 33. Rxd8+ Rxd8 34. Rd1 Rxd1 35. Qxd1 e4 36. fxe4 Qxe4+ 0-1

[Event "Early-Titled-Tuesday-Blitz-October-24-2023"]
[Site "Chess.com"]
[Date "2023.10.24"]
[Round "11"]
[White "Mystery2007"]
[Black "matenitian"]
[Result "1-0"]
[WhiteElo "2457"]
[BlackElo "2548"]
[TimeControl "180+1"]
[EndTime "10:03:07 PDT"]
[Termination "Mystery2007 won on time"]

1. h4 e5 2. c4 Nc6 3. Nc3 Bb4 4. Nd5 Bc5 5. e3 Nf6 6. Qc2 d6 7. Nc3 a5 8. a3 Bg4 9. Bd3 h6 10. Ne4 Nxe4 11. Bxe4 O-O 12. f3 Be6 13. g4 Bb6 14. Ne2 d5 15. cxd5 Bxd5 16. Ng3 a4 17. g5 Bxe4 18.
Qxe4 Qd6 19. Nf5 Qe6 20. gxh6 g6 21. Ng7 Qf6 22. h5 Kh7 23. d3 Na5 24. Bd2 Nb3 25.
Rd1 Nc5 26. Qg4 Nxd3+ 27. Ke2 Rad8 28. Bc3 Nc5 29. f4 Rxd1 30. Rxd1 Ne4 31. Bxe5 Qc6 32. hxg6+ fxg6 33. Rd7 Qc2+ 34. Kf3 Nd2+ 35. Kg3 Nf1+ 36.
Kh4 Qf2+ 37. Kg5 1-0

[Event "Early-Titled-Tuesday-Blitz-October-24-2023"]
[Site "Chess.com"]
[Date "2023.10.24"]
[Round "11"]
[White "Rodalquilar"]
[Black "twofoxniel"]
[Result "1-0"]
[WhiteElo "2745"]
[BlackElo "2598"]
[TimeControl "180+1"]
[EndTime "10:03:08 PDT"]
[Termination "Rodalquilar won by resignation"]

1. d4 d5 2. Nf3 c6 3. Bf4 Qb6 4. Qc1 Bf5 5. e3 Nd7 6. c4 e6 7. Nc3 Ngf6 8. h3 Be7 9. Be2 Ne4 10. O-O O-O 11. c5 Qd8 12. b4 Re8 13. b5 Bf6 14.
bxc6 bxc6 15. Ba6 Qa5 16. Nxe4 dxe4 17. Bb7 exf3 18. gxf3 e5 19. Bxa8 Rxa8 20. Bg3 exd4 21. exd4 Bxd4 22. Qf4 Bxa1 23. Qxf5 Qxc5 24. Qxd7 Bf6 25.
Re1 h5 26. Re4 Qd5 27. Qb7 Rd8 28. Qxa7 h4 29. Bf4 Qf5 30. Kh2 g5 31. Bc7 Rd1 32. Qe3 Qb5 33. Re8+ Kg7 34. Be5 Bxe5+ 35. Rxe5 Qf1 36.
Rxg5+ Kh7 37. Qe4+ 1-0

[Event "Early-Titled-Tuesday-Blitz-October-24-2023"]
[Site "Chess.com"]
[Date "2023.10.24"]
[Round "11"]
[White "ama18"]
[Black "diamonds13"]
[Result "0-1"]
[WhiteElo "2508"]
[BlackElo "2340"]
[TimeControl "180+1"]
[EndTime "10:03:08 PDT"]
[Termination "diamonds13 won by resignation"]

1. Nf3 c5 2. g3 Nc6 3. d4 cxd4 4. Nxd4 g6 5. b3 Bg7 6. Bb2 Qa5+ 7. c3 Bxd4 8. b4 Nxb4 9. Nd2 Bxc3 10. Bxc3 Nd3+ 11. exd3 Qxc3 12. Rc1 Qe5+ 13. Be2 Nf6 14. O-O O-O 15. Nf3 Qa5 16. d4 d6 17. h4 Be6 18. Ng5 Bd5 19.
h5 Rac8 20. Qd3 Bc4 21. Rxc4 Qxg5 22. hxg6 hxg6 23. Bf3 d5 24. Rb4 Rc7 25. Kg2 Kg7 26.
Rh1 Rh8 27. Rbb1 Rxh1 28. Rxh1 Rc1 29. Rh4 b6 30. Qa3 Rc7 31. Be2 Qd2 32. Qa6 Rc2 33. Kf3 Qc3+ 34. Kg2 Qd2 35. Kf3 Ne4 36. Rxe4 dxe4+ 37. Kg2 Qxe2 38. Qxe2 Rxe2 39. Kf1 Rxa2 40. d5 a5 41. d6 exd6 42. g4 b5 43. g5 b4 44. f3 e3 0-1

[Event "Early-Titled-Tuesday-Blitz-October-24-2023"]
[Site "Chess.com"]
[Date "2023.10.24"]
[Round "11"]
[White "SargissyanSargis"]
[Black "Akylbek2021"]
[Result "1-0"]
[WhiteElo "2381"]
[BlackElo "2242"]
[TimeControl "180+1"]
[EndTime "10:03:08 PDT"]
[Termination "SargissyanSargis won by resignation"]

1. e4 Nc6 2. Nf3 e5 3. Bb5 a6 4.
Ba4 Nf6 5. d3 b5 6. Bb3 Be7 7. Nc3 O-O 8. g4 d6 9. g5 Ne8 10. a3 Bg4 11. Rg1 Bh5 12. Be3 Rb8 13. Nd5 a5 14. Rg3 a4 15. Ba2 b4 16. Kf1 Nd4 17. Bxd4 exd4 18. axb4 c6 19. Nxe7+ Qxe7 20. c3 c5 21. Qxa4 dxc3 22. bxc3 cxb4 23. cxb4 Nc7 24.
Bc4 d5 25. exd5 Rxb4 26. Qc6 Rd8 27. Re1 Qd6 28. Nd4 Kf8 29. Nf5 Qxc6 30. dxc6 Bg6 31.
Ne7 Rb2 32. Nxg6+ hxg6 33. Rge3 f6 34. Re7 Nd5 35. c7 Nxc7 36. Rxc7 fxg5 37. Rf7+ Kg8 38. Rd7+ Kh7 39. Rxd8 1-0

[Event "Early-Titled-Tuesday-Blitz-October-24-2023"]
[Site "Chess.com"]
[Date "2023.10.24"]
[Round "11"]
[White "OparinGrigoriy"]
[Black "Drags95"]
[Result "1-0"]
[WhiteElo "2994"]
[BlackElo "2865"]
[TimeControl "180+1"]
[EndTime "10:03:09 PDT"]
[Termination "OparinGrigoriy won by resignation"]

1. e4 e5 2. Nf3 Nc6 3. Bc4 Nf6 4. d3 Bc5 5. O-O d6 6. c3 a6 7.
a4 Ba7 8. Nbd2 O-O 9. h3 Be6 10. Bxe6 fxe6 11. b4 Qe8 12. Re1 Ne7 13. Nf1 Nh5 14.
Ra2 Ng6 15. g3 Qf7 16. Kg2 h6 17. N1h2 d5 18. Rf1 Rad8 19. Qe2 Nf6 20. exd5 exd5 21. Nxe5 Nxe5 22. Qxe5 Rde8 23. Qf5 Qe7 24. Ng4 c6 25. Nxf6+ Rxf6 26. Qg4 Qf7 27. Re2 h5 28. Rxe8+ Qxe8 29. Qd1 Re6 30. d4 Re2 31. Kg1 Qe4 32. Be3 Qf3 33.
Re1 Rxe1+ 34. Qxe1 h4 35. Bf4 hxg3 36. fxg3 Kf7 37. Qf2 Qd1+ 38. Kg2 Kg6 39. g4 Qd3 40. Be5 a5 41. bxa5 Qe4+ 42. Qf3 Qc2+ 43. Kg3 Qb1 44. Qf2 Qd3+ 45. Kh4 Qe4 46. Kg3 Qd3+ 47. Qf3 Qb1 48.
Qf5+ Qxf5 49. gxf5+ Kxf5 50. Bxg7 c5 51. Be5 c4 52. h4 Ke4 53. h5 1-0

[Event "Early-Titled-Tuesday-Blitz-October-24-2023"]
[Site "Chess.com"]
[Date "2023.10.24"]
[Round "11"]
[White "nihalsarin"]
[Black "GroovyKettle"]
[Result "1-0"]
[WhiteElo "3129"]
[BlackElo "3003"]
[TimeControl "180+1"]
[EndTime "10:03:10 PDT"]
[Termination "nihalsarin won on time"]

1. a3 e5 2. c4 Nf6 3. Nf3 e4 4. Nd4 Nc6 5. Nc2 d5 6. cxd5 Qxd5 7. Nc3 Qe5 8. g3 Bf5 9. Bg2 a5 10. O-O Be7 11. d4 exd3 12. exd3 O-O 13. Bf4 Qe6 14. Bxc7 Qd7 15. Ne3 Be6 16. Bf4 h6 17. h4 Rfd8 18. Nc4 Qxd3 19. Qxd3 Rxd3 20. Nb6 Rad8 21. Bc7 R8d4 22.
Ne2 Rg4 23. Nf4 Rb3 24. Bh3 Rxf4 25. Bxe6 fxe6 26. gxf4 Ne8 27. Na8 Rxb2 28. Rfb1 Bxa3 29. Rxb2 Bxb2 30. Rb1 Nxc7 31. Nxc7 Bf6 32. Rxb7 a4 33. Rb6 a3 34. Ra6 Bb2 35. Nb5 Nb4 36. Ra8+ Kf7 37. Nxa3 Nd5 38. Nc4 Bf6 39. Ne5+ Bxe5 40. fxe5 Kg6 41.
Rf8 Kh5 42. Rf7 g6 43. Rf6 Nc7 44. Kg2 g5 45. hxg5 Kxg5 46. Kg3 1-0

[Event "Early-Titled-Tuesday-Blitz-October-24-2023"]
[Site "Chess.com"]
[Date "2023.10.24"]
[Round "11"]
[White "JoliyRoger"]
[Black "Ginzburg_Yakov"]
[Result "0-1"]
[WhiteElo "2475"]
[BlackElo "2600"]
[TimeControl "180+1"]
[EndTime "10:03:10 PDT"]
[Termination "Ginzburg_Yakov won on time"]

1. Nf3 Nf6 2. c4 c6 3. e3 d5 4. b3 g6 5. Bb2 Bg7 6. d4 O-O 7. Bd3 Ne4 8. Qc2 Na6 9. a3 f5 10. O-O Be6 11. Ne1 Nc7 12. f3 Nf6 13. Nd2 Bh6 14.
f4 Ne4 15. Nef3 g5 16. Bxe4 fxe4 17. Nxg5 Bxg5 18. fxg5 Qd7 19. Rf4 Rxf4 20. exf4 Bf5 21. Nf1 Rf8 22. Ne3 Qd6 23. Rf1 Ne6 24. g3 Bh3 25.
Rf2 Ng7 26. cxd5 cxd5 27. Qc5 Qxc5 28. dxc5 Rd8 29. Rd2 Ne6 30. Nxd5 Kf7 31. Rd1 Nxc5 32. Ne3 Rd3 33. Rxd3 exd3 34. b4 Ne4 35. Bc3 Nxc3 36. Kf2 d2 37. g4 Bxg4 0-1

[Event "Early-Titled-Tuesday-Blitz-October-24-2023"]
[Site "Chess.com"]
[Date "2023.10.24"]
[Round "11"]
[White "Alexchess1984"]
[Black "mbachez"]
[Result "1-0"]
[WhiteElo "2706"]
[BlackElo "2517"]
[TimeControl "180+1"]
[EndTime "10:03:11 PDT"]
[Termination "Alexchess1984 won on time"]

1. e4 c6 2. d4 d5 3. e5 Qb6 4. c3 Bf5 5. Nf3 e6 6. Nbd2 c5 7. Nb3 c4 8. Nbd2 Nc6 9. Nh4 Bg6 10. Be2 Be7 11. Nxg6 hxg6 12. g3 Nh6 13. O-O Nf5 14.
Nf3 O-O-O 15. Kg2 f6 16. b3 cxb3 17. axb3 g5 18. exf6 gxf6 19. b4 Bd6 20. Bd3 g4 21. Nd2 Nce7 22. Nb3 Rdg8 23. Nc5 e5 24. dxe5 fxe5 25.
Bxf5+ Nxf5 26. Qxd5 Bxc5 27. bxc5 Qc7 28. Rxa7 Kb8 29.
Ra4 Rd8 30. Qe4 Rh5 31. Bb2 Rdh8 32. h4 Nxh4+ 33. gxh4 Rxh4 34. Rfa1 Rh2+ 35. Kg1 Rh1+ 36. Qxh1 Rxh1+ 37. Kxh1 Qxc5 38. Rxg4 Qd5+ 39. Kg1 Qd2 40. Ba3 Kc7 41. Bb4 1-0

[Event "Early-Titled-Tuesday-Blitz-October-24-2023"]
[Site "Chess.com"]
[Date "2023.10.24"]
[Round "11"]
[White "NovikovaGalina"]
[Black "HeroRubiksCube"]
[Result "0-1"]
[WhiteElo "2435"]
[BlackElo "2559"]
[TimeControl "180+1"]
[EndTime "10:03:11 PDT"]
[Termination "HeroRubiksCube won on time"]

1. e4 e6 2. Nf3 d5 3. e5 c5 4.
b4 c4 5. c3 Ne7 6. d3 cxd3 7. Bxd3 Ng6 8. O-O Nc6 9. Qe2 Be7 10.
a4 O-O 11. a5 Qc7 12. Re1 Bd7 13.
h4 Rfc8 14. h5 Nf8 15. h6 g6 16. Bg5 Be8 17. Na3 Nd8 18. Rac1 Bxg5 19. Nxg5 Qe7 20.
Qg4 d4 21. cxd4 Qxb4 22. Nc4 Rxc4 23. Bxc4 Qe7 24. Ne4 Bc6 25. Nf6+ Kh8 26. d5 exd5 27. Bxd5 Nfe6 28. Bxc6 Nxc6 29. a6 Ncd4 30. axb7 Qxb7 31. Rcd1 Rd8 32. Qh4 Qe7 33. Qe4 a5 34. Ra1 Qc7 35. Qh4 Qe7 36. Rxa5 Nf5 37. Qe4 Nxh6 38. Ra8 Nf5 39.
Rb8 Rxb8 40. Rd1 Rd8 41. Ra1 Kg7 42. Ra8 Rxa8 43. Qxa8 Qd8 44. Qa1 Nfd4 45. Ne4 Qd5 46. f4 Qxe4 0-1

[Event "Early-Titled-Tuesday-Blitz-October-24-2023"]
[Site "Chess.com"]
[Date "2023.10.24"]
[Round "11"]
[White "Juicy_Fork"]
[Black "ZeGood_ZeBad_ZeUgly"]
[Result "1-0"]
[WhiteElo "2441"]
[BlackElo "2321"]
[TimeControl "180+1"]
[EndTime "10:03:12 PDT"]
[Termination "Juicy_Fork won on time"]

1. e4 c5 2. Nf3 Nc6 3. Bb5 g6 4.
O-O Bg7 5. c3 Nf6 6. Qa4 O-O 7.
d4 cxd4 8. cxd4 a6 9. Re1 Qb6 10. Bf1 d5 11. e5 Ne4 12. h3 Bd7 13. Qd1 Rac8 14. Nc3 Nxc3 15. bxc3 Na5 16. Bd2 Bb5 17. Rb1 Qc6 18. Bxb5 axb5 19. Qc1 Nc4 20. Bh6 Ra8 21. Re2 Ra3 22. Nh4 Rfa8 23. Bxg7 Kxg7 24. Qg5 Qd7 25. g4 h6 26. Qf4 R8a6 27. Kh1 Rxc3 28. f3 Kg8 29.
Qxh6 Qe8 30. Nf5 gxf5 31. Qf4 fxg4 32. Rg1 Rg6 33. Rxg4 Kg7 34. Reg2 Rc2 35. Rxc2 e6 36. Rcg2 Kh7 37. Rxg6 fxg6 38. Qf6 Qg8 39. Rg4 1-0

[Event "Early-Titled-Tuesday-Blitz-October-24-2023"]
[Site "Chess.com"]
[Date "2023.10.24"]
[Round "11"]
[White "I_am_Javi"]
[Black "GeorgiosSouleidis"]
[Result "1-0"]
[WhiteElo "2796"]
[BlackElo "2607"]
[TimeControl "180+1"]
[EndTime "10:03:14 PDT"]
[Termination "I_am_Javi won on time"]

1. e4 c5 2. Nf3 e6 3. d4 cxd4 4.
Nxd4 Nf6 5. Nc3 Nc6 6. Nxc6 bxc6 7. Bd3 d5 8. O-O Be7 9. e5 Nd7 10. Re1 O-O 11. Qg4 Kh8 12. h4 Nc5 13. Ne2 Nxd3 14.
cxd3 c5 15. h5 f5 16. Qg3 Bh4 17. Qh3 Bg5 18. Bxg5 Qxg5 19. Qh2 Ba6 20. Nf4 Rfe8 21. Re3 Rab8 22. b3 c4 23. dxc4 dxc4 24. bxc4 Bxc4 25.
Rc1 Bxa2 26. Ra1 a6 27. h6 g6 28. Nh3 Qxh6 29. Qg3 Bd5 30. Ng5 Re7 31. Qf4 Qf8 32. Rh3 Qc8 33. Qa4 Kg8 34. Qh4 Qc7 35. f4 a5 36. Kh2 Ra8 37. Rha3 Ra7 38. Rd1 Qc5 39. Rad3 a4 40. Rxd5 exd5 41. e6 a3 42. Nf7 a2 43.
Qe1 Qa5 44. Qe5 Rxf7 45. exf7+ Rxf7 46. Rc1 1-0

[Event "Early-Titled-Tuesday-Blitz-October-24-2023"]
[Site "Chess.com"]
[Date "2023.10.24"]
[Round "11"]
[White "Ducke13"]
[Black "Zhbugnoimt"]
[Result "0-1"]
[WhiteElo "2446"]
[BlackElo "2570"]
[TimeControl "180+1"]
[EndTime "10:03:14 PDT"]
[Termination "Zhbugnoimt won by checkmate"]

1. d4 Nf6 2. g3 d5 3. c4 e6 4.
Nf3 Be7 5. Bg2 O-O 6. O-O dxc4 7. Qc2 b5 8. a4 b4 9. Nfd2 Nd5 10. Nxc4 c5 11.
dxc5 Ba6 12. Nbd2 Nc6 13. Nb3 Rc8 14. Rd1 Bxc4 15. Qxc4 Na5 16. Nxa5 Qxa5 17. c6 Qb6 18. Bxd5 exd5 19. Qb5 Qxc6 20. Rxd5 Bf6 21. Be3 Bxb2 22. Rad1 Bc3 23. Bxa7 h6 24. Bc5 Rfe8 25. e3 Qe6 26.
Bd4 Rb8 27. Qd7 Qe4 28. Rb5 Rbd8 29. Qa7 Qc2 30. Rf1 Ra8 31. Qd7 Red8 32. Qg4 Bxd4 33. exd4 Qxa4 34. Rb7 Rab8 35. Rc7 b3 36. Qf4 Qe8 37.
Rb1 Qe6 38. Rb2 Rbc8 39. Rb7 Qd5 40. R7xb3 Re8 41. Rb1 Rc2 42. Re3 Rec8 43. Qf3 Qxd4 44. Rbe1 g6 45. Qb7 Rf8 46. Re7 Qxf2+ 47. Kh1 Qxh2# 0-1

[Event "Early-Titled-Tuesday-Blitz-October-24-2023"]
[Site "Chess.com"]
[Date "2023.10.24"]
[Round "11"]
[White "GMWSO"]
[Black "lilleper1"]
[Result "1-0"]
[WhiteElo "3075"]
[BlackElo "2892"]
[TimeControl "180+1"]
[EndTime "10:03:15 PDT"]
[Termination "GMWSO won by resignation"]

1. b3 e5 2. Bb2 Nc6 3. e3 Nf6 4.
Bb5 e4 5. Ne2 h5 6. Nbc3 a6 7.
Bxc6 dxc6 8. Ng3 Qe7 9. f3 exf3 10. Qxf3 Bg4 11. Qf2 h4 12. Nf5 Qd7 13. Nxh4 Bb4 14. Nf3 Bxc3 15. Bxc3 Ne4 16. Qe2 Nxc3 17. dxc3 O-O-O 18.
O-O f6 19. Rad1 Qe7 20. h3 Bh5 21. Qf2 Rhe8 22. Rxd8+ Rxd8 23. Nh4 Kb8 24. Nf5 Qf8 25. e4 Bg6 26. a4 Bxf5 27. exf5 Rd5 28. c4 Re5 29. Re1 Qe7 30. Rxe5 Qxe5 31. g4 a5 32. Kg2 b6 33. h4 Qe4+ 34. Kg3 Qe5+ 35. Kg2 Qe4+ 36.
Kh3 Kb7 37. g5 Qh1+ 38. Kg4 Qd1+ 39. Qf3 Qxc2 40. Kh5 Qh2 41. gxf6 gxf6 42. Qg4 Qc2 43. Kg6 Qxb3 44. h5 Qxa4 45. h6 Qb4 46. h7 Qf8 47. Kh5 Qe8+ 48. Qg6 Qe2+ 49. Kh6 Qd2+ 50. Kg7 Qd7+ 51.
Qf7 Qxf5 52. h8=Q Qg4+ 53. Qg6 Qxc4 54. Qge8 Qg4+ 55. Kf7 Qc4+ 56. Qe6 1-0

[Event "Early-Titled-Tuesday-Blitz-October-24-2023"]
[Site "Chess.com"]
[Date "2023.10.24"]
[Round "11"]
[White "kleinebeer98"]
[Black "Grischuk"]
[Result "1-0"]
[WhiteElo "2875"]
[BlackElo "2984"]
[TimeControl "180+1"]
[EndTime "10:03:15 PDT"]
[Termination "kleinebeer98 won on time"]

1. e4 c5 2. Nf3 d6 3. d4 cxd4 4. Nxd4 Nf6 5. Nc3 a6 6. a3 e5 7. Nf5 d5 8. Bg5 d4 9. Bxf6 gxf6 10. Nb1 Be6 11. Nd2 Nd7 12. Qh5 Qb6 13. Bc4 O-O-O 14. b3 Kb8 15. O-O Rc8 16. Kh1 Qc7 17. Qf3 Rg8 18.
g3 Rg6 19. Nh4 Rg8 20. Nf5 Rg6 21. Rfc1 Bh6 22. Nxh6 Rxh6 23. c3 dxc3 24. Qxc3 Rg6 25. Qe3 Qb6 26. Qe2 Rgg8 27. b4 Rgd8 28. Bxe6 Qxe6 29.
Nc4 Qc6 30. a4 Nb6 31. b5 Qc5 32. Na5 Qxc1+ 33. Rxc1 Rxc1+ 34. Kg2 Rc5 35. Qe3 Nxa4 36. Qb3 Rxb5 37. Qxa4 Rd4 38. Qa3 Rxe4 39. Qd6+ Ka7 40. Qc7 Rb6 41. Qxf7 Rd4 42. Qxh7 e4 43. Qe7 Rb5 44. Nxb7 1-0

[Event "Early-Titled-Tuesday-Blitz-October-24-2023"]
[Site "Chess.com"]
[Date "2023.10.24"]
[Round "11"]
[White "vovachesss"]
[Black "tusplingher"]
[Result "1-0"]
[WhiteElo "2759"]
[BlackElo "2499"]
[TimeControl "180+1"]
[EndTime "10:03:15 PDT"]
[Termination "vovachesss won by checkmate"]

1. e4 c5 2. Nf3 d6 3. d4 cxd4 4. Nxd4 Nf6 5. Nc3 a6 6. Rg1 h5 7. Be3 g6 8. f3 Bg7 9. Qd2 Qc7 10. O-O-O Nbd7 11. Kb1 b5 12. Bg5 Bb7 13. h3 h4 14.
Qf2 Rc8 15. a3 Qa5 16. Nb3 Qc7 17. Bxh4 Ne5 18. Bg5 Nc4 19. Bxc4 Qxc4 20. Be3 Qc7 21.
Bd4 Rh5 22. Rge1 a5 23. Bb6 Qd7 24. Nxa5 Ng8 25. Bd4 Nf6 26. e5 Nd5 27. exd6 Bxd4 28. Qxd4 Nxc3+ 29. bxc3 e6 30. Nxb7 Rc4 31. Qb6 Rc6 32. Qa7 Rc8 33. Qa6 b4 34. cxb4 Rh4 35. Nc5 Rxc5 36. bxc5 Kf8 37. c6 Qd8 38. c7 Qf6 39. c8=Q+ Kg7 40. Qd3 e5 41. Qcc3 Ra4 42.
d7 Qb6+ 43. Qb3 Qa5 44. d8=Q Qa7 45. Q8d7 Rxa3 46. Qbxf7+ Kh6 47. Qdxg6# 1-0

[Event "Early-Titled-Tuesday-Blitz-October-24-2023"]
[Site "Chess.com"]
[Date "2023.10.24"]
[Round "11"]
[White "Nf3c5"]
[Black "KorolDimitriy75"]
[Result "1-0"]
[WhiteElo "2589"]
[BlackElo "2344"]
[TimeControl "180+1"]
[EndTime "10:03:15 PDT"]
[Termination "Nf3c5 won on time"]

1. d4 Nf6 2. Nf3 g6 3. Bg5 Bg7 4. Nbd2 c5 5. Bxf6 Bxf6 6. Ne4 Bxd4 7. Nxd4 cxd4 8. Qxd4 O-O 9. O-O-O Nc6 10. Qd2 Qa5 11. Nc3 d6 12. h4 Be6 13. a3 Rac8 14. e4 Ne5 15. h5 Rc5 16. hxg6 fxg6 17. f4 Ng4 18. f5 gxf5 19. Qg5+ Kh8 20. Qxe7 Rf7 21. Qe8+ Kg7 22. Qxe6 Re5 23. Qb3 Nf2 24. Bd3 Nxd1 25. Rxd1 f4 26. Be2 Qc5 27. Bf3 Qe3+ 28. Kb1 a6 29.
Qc4 b5 30. Qb3 a5 31. Nd5 Qc5 32. Qd3 b4 33. axb4 axb4 34. Qd4 Qa5 35. Qxb4 Qa6 36. Qc3 Ra7 37. b3 Qa2+ 38. Kc1 Qa3+ 39. Qb2 Qc5 40. Kb1 1-0